Map: [ESL] Hecate

Players

Serral

  • Race: Zerg Zerg
  • Spawn Location: 1:00

Elazer - Winner!

  • Race: Zerg Zerg
  • Spawn Location: 7:00

Event: ESL SC2 Masters 2023 Winter (Regional)

VOD

Have the link to the VOD?

Description

Time

  • Played on: Nov. 12, 2023, 9 a.m.
  • Length: 5:29

All games in this series

Show
View Real Time Build Order
Export as new Build Order

Serral Zerg 

Build Orders: Hatch First 

Get SALT Encoding   

  12  0:00  Drone  
  13  0:12  Overlord  
  13  0:17  Drone  
  14  0:30  Drone  
  14  0:31  Drone  
  16  0:48  Hatchery  
  15  0:51  Drone  
  15  0:55  Drone  
  17  0:57  Drone  
  18  1:09  Extractor  
  17  1:13  Spawning Pool  
  17  1:16  Drone  
  17  1:19  Drone  
  18  1:27  Drone  
  19  1:38  Drone  
  20  1:58  Drone  
  20  1:59  Queen  
  20  2:00  Zergling x2, Queen  
  26  2:01  Overlord  
  26  2:10  Drone x2, Metabolic Boost  
  28  2:21  Zergling x2  
  28  2:22  Drone  
  30  2:34  Hatchery  
  30  2:35  Drone  
  30  2:38  Drone  
  30  2:43  Drone  
  32  2:47  Baneling Nest  
  31  2:51  Overlord  
  31  2:57  Drone x2  
  33  3:06  Drone x2  
  33  3:08  Zergling x2  
  33  3:09  Zergling x2  
  33  3:10  Zergling x4  
  39  3:13  Overlord  
  39  3:17  Drone  
  40  3:20  Zergling x2, Drone  
  40  3:26  Queen  
  44  3:31  Baneling x2  
  44  3:37  Drone, Roach Warren  
  44  3:41  Drone x2  
  46  3:45  Drone x2  
  46  3:47  Drone  
  46  3:48  Drone  
  49  3:50  Drone  
  48  3:58  Overlord  
  48  3:59  Overlord  
  47  4:04  Zergling x6  
  47  4:06  Baneling x2  
  47  4:09  Overlord  
  50  4:17  Roach x3  
  50  4:23  Roach x3  
  55  4:27  Zergling x2  
  55  4:30  Zergling x2, Roach  
  44  4:42  Drone x4  
  44  4:43  Drone  
  43  4:50  Drone x2  
  45  4:53  Drone  
  45  4:56  Drone  
  47  5:05  Drone x2  
  49  5:07  Baneling  
  49  5:08  Baneling  
  49  5:13  Drone  
  52  5:15  Drone  
Show
View Real Time Build Order
Export as new Build Order

Elazer Zerg - Winner!

Build Orders: Hatch First 

Get SALT Encoding   

  12  0:00  Drone  
  13  0:12  Overlord  
  13  0:16  Drone  
  14  0:30  Drone x2  
  16  0:47  Hatchery  
  15  0:50  Drone  
  15  0:54  Drone  
  17  0:57  Drone  
  18  1:08  Extractor  
  17  1:12  Spawning Pool  
  17  1:15  Drone  
  17  1:18  Drone  
  18  1:27  Drone  
  19  1:38  Drone  
  20  1:49  Drone  
  21  1:58  Queen x2  
  21  1:59  Zergling x2  
  21  2:01  Overlord  
  26  2:09  Metabolic Boost  
  26  2:10  Drone x2  
  28  2:21  Drone x2  
  30  2:32  Hatchery  
  30  2:33  Zergling x2  
  30  2:37  Drone  
  30  2:42  Drone x2  
  33  2:48  Baneling Nest  
  32  2:55  Overlord  
  32  2:57  Drone  
  33  3:05  Drone x2  
  35  3:06  Overlord  
  35  3:08  Drone  
  36  3:13  Queen  
  36  3:14  Zergling x2  
  36  3:17  Zergling x4  
  36  3:19  Drone  
  42  3:24  Drone x2  
  44  3:34  Baneling  
  44  3:35  Zergling x4  
  44  3:39  Zergling x6  
  49  3:42  Zergling x6  
  51  3:51  Zergling x4  
  50  3:56  Baneling x2  
  50  3:58  Zergling x4  
  52  4:09  Drone x3  
  55  4:14  Roach Warren  
  55  4:16  Drone x4  
  53  4:25  Zergling x10  
  53  4:29  Zergling x2  
  57  4:33  Extractor  
  57  4:34  Extractor  
  57  4:35  Zergling x6  
  58  4:40  Overlord  
  58  4:42  Evolution Chamber  
  58  4:44  Drone x2  
  57  4:55  Roach  
  57  4:56  Overlord  
  57  4:59  Roach  
  65  5:00  Roach x3  
  65  5:05  Zergling x2  
  65  5:07  Overlord  
  66  5:14  Spine Crawler  
  66  5:15  Spine Crawler  
Tags
 
Add a new tag
Caveats
  • Supply blocks, unpowered buildings, or Contaminate may cause inaccurate times.
  • Supply counts are checked every 10 seconds.